 Dungeon Crawl Stone Soup version 0.19.1 (webtiles) character file.

165 glosham the Ruffian (level 5, 0/75 HPs)
             Began as a Troll Berserker on Nov 30, 2016.
             Was a Follower of Trog.
             Succumbed to a water moccasin's poison
             ... on level 5 of the Dungeon.
             The game lasted 00:04:54 (320 turns).

glosham the Ruffian (Troll Berserker)                Turns: 320, Time: 00:04:55

Health: 0/75       AC:  5    Str: 30    XL:     5   Next: 22%
Magic:  4/4        EV: 10    Int:  3    God:    Trog [*.....]
Gold:   51         SH:  0    Dex: 10    Spells: 0 memorised, 4 levels left

rFire  . . .     SeeInvis .       - Unarmed
rCold  . . .     Gourm    +     a - +0 animal skin
rNeg   . . .     Faith    .     (no shield)
rPois  .         Spirit   .     (helmet restricted)
rElec  .         Reflect  .     (no cloak)
rCorr  .         Harm     .     (gloves unavailable)
MR     .....                    (boots unavailable)
Stlth  ..........               (no amulet)
                                (no ring)
                                (no ring)

@: berserking, lethally poisoned (0 -> -14), very quick
A: unfitting armour, claws 3, fast metabolism 3, gourmand, regeneration 1,
shaggy fur 1, tough skin 2
a: Berserk, Burn Spellbooks, Renounce Religion


You were on level 5 of the Dungeon.
You worshipped Trog.
Trog was aware of your devotion.
You were not hungry.

You visited 1 branch of the dungeon, and saw 5 of its levels.

You collected 51 gold pieces.

Inventory:

Missiles
 e - 4 tomahawks (quivered)
Armour
 a - a +0 animal skin (worn)
Scrolls
 f - a scroll of remove curse
Potions
 c - 2 potions of curing {unknown}
 d - a potion of agility {unknown}
Comestibles
 b - 2 bread rations


   Skills:
 - Level 2.4 Fighting
 - Level 2.4 Dodging
 * Level 6.0 Unarmed Combat


You had 4 spell levels left.
You didn't know any spells.

Dungeon Overview and Level Annotations

Branches:
Dungeon (4/15)
 Temple: D:4-7

Altars:


Innate Abilities, Weirdness & Mutations

You are too large for most types of armour.
You have claws for hands.
Your metabolism is lightning-fast.
You like to eat raw meat.
Your natural rate of healing is unusually fast.
You are covered in fur. (AC +1)
You have very tough skin. (AC +2)


Message History

The water moccasin bites you. x2
You are poisoned.
The water moccasin poisons you!
You miss the water moccasin.
The water moccasin is moderately wounded.
You feel sick. The water moccasin bites you.
You are more poisoned.
The water moccasin poisons you!
You scratch the water moccasin.
The water moccasin is heavily wounded.
You feel sick. The water moccasin bites you.
You scratch the water moccasin but do no damage.
The water moccasin is heavily wounded.
You feel sick.
The water moccasin bites you but does no damage.
You barely miss the water moccasin.
You claw the water moccasin, but do no damage.
The water moccasin is heavily wounded.
You feel sick. The water moccasin bites you.
* * * LOW HITPOINT WARNING * * *
The water moccasin barely misses you.
A red film seems to cover your vision as you go berserk!
You feel yourself moving faster!
You feel mighty!
You feel a lot more hungry.
You feel sick. The water moccasin bites you.
* * * LOW HITPOINT WARNING * * *
You are more poisoned.
The water moccasin poisons you!
You barely miss the water moccasin.
The water moccasin is heavily wounded.
* * * LOW HITPOINT WARNING * * *
You feel sick.
The water moccasin bites you but does no damage.
Unknown command.
You mangle the water moccasin!!
You kill the water moccasin!
Trog accepts your kill.
Your Unarmed Combat skill gained 2 levels and is now at level 6!
You have reached level 4!
You have reached level 5!
You die...

#.# #..##..# #.####
#..##..# ##
#.##.###..##..#
##.##[#.#.##..##..#
#.#....###........#
#.##.## ##.......#
#.##..# #.#..#####
#.##.#.#.##....
#@##.#..# #...##
#..†............#
#.#.####.####.###
#.#.# # #.# # ...
... ... ##.##


There were no monsters in sight!

Vanquished Creatures
  A water moccasin (D:5)
  An orc priest (D:4)
  An adder (D:4)
  5 orcs
  A goblin (D:3)
  A hobgoblin (D:1)
  A kobold (D:3)
  A quokka (D:3)
  A frilled lizard (D:1)
  A leopard gecko skeleton (D:4)
  A quokka skeleton (D:5)
  4 rats
19 creatures vanquished.

Notes
Turn   | Place    | Note
-------+----------+-------------------------------------------
     0 | D:1      | glosham the Troll Berserker began the quest for the Orb.
     0 | D:1      | Reached XP level 1. HP: 22/22 MP: 0/0
    93 | D:3      | Reached XP level 2. HP: 27/29 MP: 1/1
   241 | D:4      | Reached skill level 4 in Unarmed Combat
   241 | D:4      | Reached XP level 3. HP: 36/36 MP: 2/2
   287 | D:4      | You fall through a shaft!
   287 | D:5      | Entered Level 5 of the Dungeon
   307 | D:5      | Noticed a water moccasin
   318 | D:5      | HP: 2/54 [water moccasin (6)]
   320 | D:5      | Killed a water moccasin
   320 | D:5      | Reached skill level 6 in Unarmed Combat
   320 | D:5      | Reached XP level 4. HP: 1/44 MP: 3/3
   320 | D:5      | Reached XP level 5. HP: 1/50 MP: 4/4
   320 | D:5      | Succumbed to a water moccasin's poison

Skill      XL: |  1  2  3 |
---------------+----------+-----
Unarmed Combat | 4 6 |  6.0
Fighting       | |  2.4
Dodging        | |  2.4

Action                   |  1- 3 |  4- 6 || total
-------------------------+-------+-------++-------
Melee: Unarmed           |    60 |       ||    60
       Punch             |     1 |       ||     1
Invok: Berserk           |     2 |       ||     2
  Use: Scroll            |     1 |       ||     1
  Eat: Chunk             |     2 |       ||     2
Armor: Animal skin       |    14 |       ||    14
Dodge: Dodged            |    27 |       ||    27

Table legend:
 A = Turns spent in this place as a percentage of turns spent in the entire game.
 B = Non-inter-level travel turns spent in this place as a percentage of non-inter-level travel turns spent in the entire game.
 C = Inter-level travel turns spent in this place as a percentage of turns spent in this place.
 D = Turns resting spent in this place as a percentage of non-inter-level travel turns spent in this place.
 E = Turns spent auto-exploring this place as a percentage of non-inter-level travel turns spent in this place.
 F = Non-inter-level travel turns spent in this place divided by the number of levels of this place that you've seen.
                   A       B       C       D       E      F
               +-------+-------+-------+-------+-------+----------------------
         Total | 100.0 | 100.0 |   0.0 |   0.0 |   0.0 |  54.8
       Dungeon | 100.0 | 100.0 |   0.0 |   0.0 |   0.0 |  54.8
               +-------+-------+-------+-------+-------+----------------------

Table legend:
 A = Kills in this place as a percentage of kills in entire the game.
 B = Kills by you in this place as a percentage of kills by you in the entire game.
 C = Kills by friends in this place as a percentage of kills by friends in the entire game.
 D = Other kills in this place as a percentage of other kills in the entire game.
 E = Experience gained in this place as a percentage of experience gained in the entire game.
 F = Experience gained in this place divided by the number of levels of this place that you have seen.
                   A       B       C       D       E      F
               +-------+-------+-------+-------+-------+----------------------
         Total | 100.0 | 100.0 |  -nan |  -nan | 100.0 |  47.4
       Dungeon | 100.0 | 100.0 |  -nan |  -nan | 100.0 |  47.4
               +-------+-------+-------+-------+-------+----------------------

Vault maps used:
D:1:      lightli_arrival_boilingwater, serial_corexii_hall,
          corexii_hall_statues_l, corexii_hall_statues_i,
          corexii_hall_statues_s, corexii_hall_statues_u, solitary_fountain,
          minmay_misc_feat_encased, corexii_hall_statues_deadend
D:2:      due_unseen_surprise
D:3:      lemuel_crystal_altar, grunt_temple_overflow_open, serial_bayou,
          serial_bayou_pond_d, serial_bayou_pond_d, serial_bayou_pond_a,
          serial_bayou_pond_a, serial_bayou_pond_d, serial_bayou_pond_e,
          first_bread, uniq_sigmund
D:4:      chequers_temple_overflow_minitemple, led_sif_pool,
          gup_sewer_entry_glass, nrook_uturn
D:5:      kennysheep_mini
